 Dungeon Crawl Stone Soup version 0.26-a0-835-g8259106e14 (webtiles) character file.

Game seed: 10902691031820963968

17386 RaHiT the Covert (level 12, -4/81 HPs)
             Began as an Octopode Delver on Nov 17, 2020.
             Was the Champion of Cheibriados.
             Slain by a white ugly thing (33 damage)
             ... on level 11 of the Dungeon.
             The game lasted 01:27:58 (14739 turns).

RaHiT the Covert (Octopode Delver)                 Turns: 14739, Time: 01:27:59

Health: -4/81      AC:  1    Str: 30    XL:     12   Next: 47%
Magic:  8/18       EV: 26    Int: 31    God:    Cheibriados [******]
Gold:   925        SH: 11    Dex: 37    Spells: 17/19 levels left

rFire    + . .     SeeInvis .     - Unarmed
rCold    . . .     Faith    .   w - +2 buckler
rNeg     . . .     Spirit   .   (helmet restricted)
rPois    .         Reflect  .   (no amulet)
rElec    .         Harm     .   g - ring "Womu" {rF+ Str+3 Dex+8 Slay+4}
rCorr    .         Rampage  .   J - +4 ring of evasion
MR       .....                  (no ring)
Stlth    +++++++...             (no ring)
HPRegen  0.23/turn              (no ring)
MPRegen  0.16/turn              (no ring)
                                (no ring)
                                (no ring)

@: very slow
A: almost no armour, stealthy swim, amphibious, 8 rings, constrict 8, camouflage
1, gelatinous body 1
a: Bend Time, Temporal Distortion, Slouch, Step From Time, Renounce Religion


You were on level 11 of the Dungeon.
You worshipped Cheibriados.
Cheibriados was exalted by your worship.
You visited 2 branches of the dungeon, and saw 13 of its levels.
You also visited: Sewer and Ossuary.

You collected 945 gold pieces.
You spent 20 gold pieces at shops.

Inventory:

Missiles
 d - 19 sling bullets
 i - 368 stones
 l - 391 arrows
 m - 122 bolts
 t - 8 javelins
 v - 53 poisoned darts
 x - 10 boomerangs (quivered)
Armour
 w - a +2 buckler (worn)
Magical Staves
 D - an uncursed staff of conjuration {unknown}
 L - an uncursed staff of cold
Jewellery
 g - the ring "Womu" (left tentacle) {rF+ Str+3 Dex+8 Slay+4}
   (You found it in a sewer)

   [ring of slaying]

   It affects your strength (+3).
   It affects your dexterity (+8).
   It affects your accuracy and damage with ranged weapons and melee attacks
   (+4).
   It protects you from fire.
 J - a +4 ring of evasion (right tentacle)
Wands
 e - a wand of digging (14)
 y - a wand of paralysis (7)
 K - a wand of disintegration (22)
 M - a wand of flame (52)
 O - a wand of iceblast (11)
Scrolls
 a - 3 scrolls of fog
 b - 5 scrolls of enchant armour
 c - a scroll of fear
 f - 6 scrolls of noise
 k - a scroll of teleportation {unknown}
 o - 5 scrolls of remove curse
 r - 2 scrolls of enchant weapon {unknown}
 s - 4 scrolls of amnesia {unknown}
 A - 3 scrolls of immolation {unknown}
 E - 2 scrolls of blinking {unknown}
 I - 2 scrolls of random uselessness {unknown}
 N - 2 scrolls of magic mapping
Potions
 h - 7 potions of lignification
 j - a potion of ambrosia
 n - a potion of flight
 p - 3 potions of cancellation
 q - a potion of magic
 u - a potion of brilliance
 z - a potion of attraction
 B - a potion of resistance
 C - a potion of mutation {unknown}
 F - a potion of berserk rage {unknown}
 G - 4 potions of curing
 H - 3 potions of heal wounds


   Skills:
 - Level 7.0 Fighting
 - Level 8.0 Throwing
 * Level 7.0 Dodging
 - Level 10.0 Stealth
 - Level 8.0 Shields
 - Level 7.0 Unarmed Combat
 + Level 4.4 Spellcasting
 - Level 3.0 Translocations
 - Level 9.0 Invocations
 - Level 5.0 Evocations


You had 17 spell levels left.
You knew the following spells:

 Your Spells              Type           Power        Failure   Level
a - Blink                 Tloc           N/A          2%          2

Your spell library contained the following spells:

 Spells                   Type           Power        Failure   Level
 Magic Dart               Conj           #...         6%          1
 Shock                    Conj/Air       #...         6%          1
 Call Imp                 Summ           #.......     9%          2
 Slow                     Hex            #.......     9%          2
 Swiftness                Air            #.......     9%          2
 Conjure Flame            Conj/Fire      #.......     17%         3
 Mephitic Cloud           Conj/Pois/Air  #.......     17%         3
 Static Discharge         Conj/Air       #.......     17%         3
 Airstrike                Air            #.........   50%         4
 Lightning Bolt           Conj/Air       #.........   85%         5


Dungeon Overview and Level Annotations

Branches:
Dungeon (12/15)            Temple (1/1) D:5            Lair (0/6) D:9
    Orc (0/2) D:9           Sewer (visited)         Ossuary (visited)

Altars:
Ashenzari
Cheibriados
Dithmenos
Elyvilon
Fedhas
Gozag
Hepliaklqana
Kikubaaqudgha
Makhleb
Nemelex Xobeh
Okawaru
Qazlal
Ru
Sif Muna
Trog
Uskayaw
Vehumet
Wu Jian
Xom
Yredelemnul
Zin
The Shining One
Beogh

Shops:
D:6 =   D:7 !   D:11 }

Annotations:
D:8 exclusion: downstairs


Innate Abilities, Weirdness & Mutations

You cannot wear most types of armour.
You are very stealthy in the water. (Stealth+)
You are amphibious.
You can wear up to eight rings at the same time.
You can use your tentacles to constrict eight enemies at once.
Your skin changes colour to match your surroundings (Stealth+).
Your rubbery body absorbs attacks. (AC +1, EV +1)


Message History

Cheibriados thoroughly appreciates the change of pace.
There is a stone staircase leading up here.
There is an open door here.
There is a stone staircase leading up here.
Throwing (i - inventory. (/) - cycle)
x - 10 boomerangs (quivered)
Press: ? - help, Shift-Dir - straight line, f - white ugly thing
Aim: a white ugly thing You throw a boomerang.
The brown ugly thing gurgles horribly!
The boomerang hits the white ugly thing!
The white ugly thing is lightly wounded.
You tentacle-slap the white ugly thing. Your grab misses the white ugly thing.
You squeeze the white ugly thing.
The white ugly thing is lightly wounded.
The white ugly thing bites you. The white ugly thing freezes you!!
You can feel time thicken for a moment.
You block the white ugly thing's attack.
You can feel time thicken for a moment.
The white ugly thing bites you! The white ugly thing freezes you!!
You die...

.# .### ...# .#.# ######### .#.#
#.......################# ##.#
#.#...........##....)...#
'..###.#.......###.#.........#
##.#...#.......###.#.........#
.#.....#.......u@#.#.###.....####
.###...#........u#.#.######......
....................>.....#......
###.#.###........##.......#......
.................##.......#####'#
....#'##...#..............#####.#
###........#....................#
...........#####.###......#######
#..........##.............#


You could see 2 ugly things.

Vanquished Creatures
  Snorg (D:10)
  A hydra (D:9)
  Erica (D:9)
  A two-headed ogre (D:9)
  An unseen horror (D:12)
  A necromancer (D:11)
  A cyclops (D:11)
  Psyche (D:10)
  A gargoyle (D:11)
  A kobold demonologist (D:11)
  Maggie (D:6)
  2 hornets
  2 trolls
  Prince Ribbit (D:6)
  A wyvern (D:12)
  12 yaks
  Eustachio (D:6)
  9 humans (D:11)
  A soldier ant (D:12)
  3 water moccasins
  An ice beast (D:10)
  2 sky beasts
  6 black bears
  An eye of draining (D:11)
  9 orc warriors
  5 phantoms
  4 ogres
  18 centaurs
  5 bullfrogs
  A water moccasin zombie (D:6)
  A wyvern zombie (D:7)
  3 scorpions
  9 wights
  2 electric eels (D:10)
  3 howler monkeys
  3 jellies
  A bullfrog zombie (D:11)
  3 quasits (D:9)
  2 human zombies (Ossuary)
  11 orc priests
  12 hounds
  3 bullfrog skeletons
  4 iguanas
  15 orc wizards
  A centaur skeleton (D:6)
  5 yak simulacra (D:11)
  A statue (D:9)
  4 worker ants
  4 polar bear simulacra (D:11)
  A big kobold zombie (Ossuary)
  2 hound zombies
  5 mummies
  2 worker ant zombies
  4 gnolls (D:6)
  2 river rats (D:4)
  11 adders
  3 shadow imps
  3 white imps
  3 ufetubi
  3 adder skeletons
  5 worms
  3 dart slugs
  9 leopard geckos
  60 orcs
  8 ball pythons
  25 giant cockroaches
  8 hobgoblins
  6 jackals
  6 quokkas
  9 bats
  11 frilled lizards
  6 goblins
  A goblin zombie (Ossuary)
  2 hobgoblin zombies (Ossuary)
  4 kobolds
  2 kobold zombies (Ossuary)
  2 leopard gecko skeletons
  A quokka skeleton (D:4)
  5 rats
  2 river rat simulacra (D:11)
396 creatures vanquished.

Vanquished Creatures (others)
  47 fungi (D:9)
  44 plants
91 creatures vanquished.

Grand Total: 487 creatures vanquished

Notes
Turn   | Place    | Note
-------+----------+-------------------------------------------
     0 | D:5      | RaHiT the Octopode Delver began the quest for the Orb.
     0 | D:5      | Reached XP level 1. HP: 16/16 MP: 1/1
     2 | D:5      | Noticed an orc wizard
   236 | D:4      | Noticed a scorpion
   244 | D:4      | Found a glowing drain.
   252 | Sewer    | Entered a sewer
   273 | Sewer    | Reached skill level 7 in Stealth
   321 | Sewer    | Reached XP level 2. HP: 19/21 MP: 2/2
   607 | Sewer    | Noticed a bullfrog
   608 | Sewer    | Noticed a bullfrog
   610 | Sewer    | Got a sparkling brass ring
   639 | Sewer    | Identified the ring "Womu" {rF+ Str+3 Dex+8 Slay+4} (You
                  | found it in a sewer)
   754 | D:4      | Reached XP level 3. HP: 17/26 MP: 3/3
   970 | D:2      | Found a glowing golden altar of the Shining One.
   993 | D:2      | Reached XP level 4. HP: 31/31 MP: 4/4
  1735 | D:2      | Found a hide-covered altar of Uskayaw.
  1986 | D:2      | Found a sparkling altar of Nemelex Xobeh.
  2082 | D:2      | Reached skill level 1 in Spellcasting
  2088 | D:2      | Reached XP level 5. HP: 18/36 MP: 6/6
  2277 | D:2      | Found a glowing silver altar of Zin.
  2334 | D:2      | Found an iron altar of Okawaru.
  2491 | D:3      | Reached skill level 5 in Unarmed Combat
  2542 | D:3      | Reached XP level 6. HP: 34/42 MP: 7/9
  2742 | D:3      | Found a snail-covered altar of Cheibriados.
  2748 | D:3      | Became a worshipper of Cheibriados the Contemplative
  3072 | D:3      | Found a faded altar of an unknown god.
  3180 | D:4      | Found a blossoming altar of Fedhas.
  3204 | D:4      | Noticed a phantom
  3240 | D:4      | Killed a phantom
  3429 | D:4      | Found a broken altar of Ashenzari.
  3552 | D:4      | Reached XP level 7. HP: 46/46 MP: 10/10
  3945 | D:4      | Found a shimmering blue altar of Sif Muna.
  4052 | D:4      | Reached * piety under Cheibriados
  4321 | D:5      | Reached skill level 5 in Dodging
  4333 | D:5      | Reached skill level 1 in Throwing
  4836 | D:5      | Reached XP level 8. HP: 52/52 MP: 11/11
  4866 | D:5      | Found a hazy altar of Hepliaklqana.
  4880 | D:5      | Reached ** piety under Cheibriados
  4936 | D:5      | Found a staircase to the Ecumenical Temple.
  4954 | Temple   | Entered the Ecumenical Temple
  5786 | D:6      | Reached skill level 5 in Throwing
  5815 | D:6      | Reached skill level 1 in Shields
  5820 | D:6      | Noticed Prince Ribbit
  5833 | D:6      | Found Reuptedi's Jewellery Shop.
  5839 | D:6      | Bought a cursed amulet of inaccuracy for 20 gold pieces
  5853 | D:6      | Noticed Maggie
  5854 | D:6      | Found a shimmering blue altar of Sif Muna.
  5951 | D:6      | Noticed Eustachio
  5963 | D:6      | Killed Eustachio
  5972 | D:6      | Reached skill level 8 in Stealth
  6154 | D:6      | Reached *** piety under Cheibriados
  6295 | D:6      | Reached XP level 9. HP: 23/56 MP: 12/12
  6500 | D:6      | Killed Prince Ribbit
  6501 | D:6      | Reached skill level 9 in Stealth
  6501 | D:6      | Reached skill level 5 in Shields
  6604 | D:6      | Reached skill level 1 in Invocations
  6646 | D:6      | Killed Maggie
  6647 | D:6      | Reached skill level 10 in Stealth
  6788 | D:7      | Found a burning altar of Makhleb.
  6951 | D:7      | Reached skill level 1 in Evocations
  7038 | D:7      | Found a sand-covered staircase.
  7045 | Ossuary  | Entered an ossuary
  7591 | D:7      | Found Sagosoh's Distillery.
  7657 | D:7      | Found a glowing golden altar of the Shining One.
  7700 | D:7      | Found a sparkling altar of Nemelex Xobeh.
  7750 | D:7      | Found a white marble altar of Elyvilon.
  7856 | D:7      | Reached skill level 5 in Evocations
  8053 | D:7      | Reached **** piety under Cheibriados
  8468 | D:8      | Found a burning altar of Makhleb.
  8560 | D:8      | Noticed a troll
  8568 | D:8      | Killed a troll
  8569 | D:8      | Reached XP level 10. HP: 52/65 MP: 13/13
  8846 | D:8      | Reached skill level 5 in Fighting
  9166 | D:9      | Found a radiant altar of Vehumet.
  9232 | D:9      | Reached skill level 5 in Invocations
  9350 | D:9      | Noticed a five-headed hydra
  9474 | D:9      | Found a radiant altar of Vehumet.
  9564 | D:9      | Reached ***** piety under Cheibriados
  9703 | D:9      | Found a staircase to the Lair.
  9735 | D:9      | Noticed a two-headed ogre
  9747 | D:9      | Killed a two-headed ogre
  9779 | D:9      | You fall into a shaft and drop 3 floors!
  9780 | D:12     | Noticed a two-headed ogre
  9790 | D:12     | Killed an unseen horror
  9791 | D:12     | Reached XP level 11. HP: 45/72 MP: 17/17
  9937 | D:12     | Learned a level 2 spell: Blink
 10314 | D:11     | Noticed a necromancer
 10335 | D:11     | Killed a necromancer
 10727 | D:11     | Found Bolegeh's Gadget Boutique.
 10851 | D:11     | HP: 1/72 [polar bear simulacrum (17)]
 11608 | D:11     | Noticed a cyclops
 11934 | D:11     | Noticed a brown ugly thing
 11935 | D:11     | Noticed a white ugly thing
 11969 | D:11     | Killed a cyclops
 12137 | D:10     | Entered Level 10 of the Dungeon
 12156 | D:10     | Reached ****** piety under Cheibriados
 12430 | D:9      | Noticed Erica
 12439 | D:9      | Killed Erica
 12517 | D:9      | Reached XP level 12. HP: 38/81 MP: 18/18
 12518 | D:9      | Reached skill level 1 in Translocations
 12925 | D:9      | Killed a five-headed hydra
 12990 | D:9      | Found a roughly hewn altar of Beogh.
 12990 | D:9      | Found a staircase to the Orcish Mines.
 13764 | D:10     | Noticed Snorg
 13775 | D:10     | Killed Snorg
 13868 | D:10     | Noticed Psyche
 13875 | D:10     | Killed Psyche
 14739 | D:11     | Slain by a white ugly thing

Illustrated notes

Levels and vault maps discovered:
D:1:      roderic_chinese_lattice_arrival, layout_loops_ring,
          minmay_pentomino_o4
D:2:      minmay_roachtagon, layout_rooms, old_standard_altar,
          nicolae_overflow_crystal_walls, lemuel_doored_altar,
          nemelex_altar_shiori, general_overflow_altar
D:3:      layout_loops_ring, cheibriados_altar_1,
          chequers_ecumenical_altar_simple, minmay_crystal_room
D:4:      layout_gridville, lemuel_crystal_altar, nicolae_ashenzari_panopticon,
          portal_sewer_entry_a, tgw_sif
D:5:      layout_basic, lemuel_round_altar, minmay_temple_entry_ruins,
          hangedman_decor_slide_cut
D:6:      layout_basic, old_standard_altar, serial_shops, nicolae_shop_trees,
          minmay_misc_feat_x, uniq_prince_ribbit1, uniq_eustachio, uniq_maggie
D:7:      layout_loops_corners, lightli_temple_of_fire, elyvilon_altar_5,
          serial_shops, kennysheep_mini_moat, basic_altar,
          gup_ossuary_entry_pyramid, nemelex_spade_bored_becter
D:8:      layout_cave_pods, bloody_makhleb
D:9:      layout_stronghold, vehumet_statue, due_lair_maze_entry_diamond,
          david_orc_5, serial_column_ruins, column_ruins_temple_circle,
          column_ruins_open_tiny, column_ruins_columns_T,
          column_ruins_columns_dead_end, column_ruins_corridor_T,
          column_ruins_open_large, minivault_1, st_stairs_7, uniq_erica
D:10:     layout_loops_ring, kennysheep_potato, uniq_psyche, uniq_snorg
D:11:     erik_cavepeople, layout_basic, serial_shops, kennysheep_little_box,
          eino_house_with_fridge
D:12:     layout_rooms
Temple:   jpeg_temple_island

Skill      XL: |  1  2  3  4  5  6  7  8  9 10 11 12 |
---------------+-------------------------------------+-----
Stealth        | 7 8 10 | 10.0
Unarmed Combat | 3 4 5 6 7 |  7.0
Spellcasting   | 1 2 3 4 |  4.4
Dodging        | 3 5 6 7 |  7.0
Throwing       | 3 5 7 8 |  8.0
Shields        | 4 5 7 8 |  8.0
Invocations    | 4 8 9 |  9.0
Evocations     | 5 |  5.0
Fighting       | 4 6 7 |  7.0
Translocations | 3 |  3.0

Action                   |  1- 3 |  4- 6 |  7- 9 | 10-12 || total
-------------------------+-------+-------+-------+-------++-------
Melee: Unarmed           |    60 |   109 |   152 |   316 ||   637
       Tentacles         |    16 |    31 |    54 |   129 ||   230
       Constrict         |    18 |    34 |    56 |    56 ||   164
       Punch             |     1 |     2 |    13 |    30 ||    46
Throw: Stone             |       |    24 |    33 |   141 ||   198
       Dart              |       |       |    54 |    68 ||   122
       Boomerang         |       |       |    75 |    82 ||   157
 Cast: Blink             |       |       |       |     3 ||     3
Invok: Slouch            |       |       |       |     2 ||     2
Evoke: Wand              |       |       |       |     1 ||     1
  Use: Scroll            |     1 |     5 |     8 |     2 ||    16
       Potion            |     1 |     1 |       |     4 ||     6
 Stab: Sleeping          |     5 |    24 |    23 |     8 ||    60
       Distracted        |       |       |     2 |       ||     2
Armor: Skin              |     3 |     8 |     2 |    13 ||    26
Dodge: Dodged            |    41 |    59 |    73 |   176 ||   349
Block: Buckler           |       |       |    23 |   124 ||   147

Table legend: (Time is in decaauts)
 A = Elapsed time spent in this place.
 B = Non-inter-level travel time spent in this place.
 C = Inter-level travel time spent in this place.
 D = Time resting spent in this place.
 E = Time spent auto-exploring this place.
 F = Levels seen in this place.
 G = Mean time per level.
                   A        B        C        D        E       F      G
               +--------+--------+--------+--------+--------+-----+--------+
         Total |  19932 |  18436 |   1496 |   3209 |   4077 |  15 | 1328.8 |
       Dungeon |  18409 |  16965 |   1444 |   3025 |   3424 |  12 | 1534.1 |
        Temple |    706 |    654 |     52 |      0 |    653 |   1 |  706.0 |
         Sewer |    478 |    478 |      0 |    184 |      0 |   1 |  478.0 |
       Ossuary |    337 |    337 |      0 |      0 |      0 |   1 |  337.0 |
               +--------+--------+--------+--------+--------+-----+--------+

Top non-repeatable levels by time:
    D:11: 3126 daAuts
     D:9: 2351 daAuts
     D:7: 1870 daAuts
    D:10: 1866 daAuts
     D:6: 1833 daAuts
     D:8: 1676 daAuts
     D:4: 1400 daAuts
     D:5: 1273 daAuts
     D:2: 974 daAuts
     D:3: 830 daAuts
  Temple: 706 daAuts
     D:1: 700 daAuts
    D:12: 505 daAuts
   Sewer: 478 daAuts
 Ossuary: 337 daAuts
